 Dungeon Crawl Stone Soup version 0.29.1-1-gd02db6906a (webtiles) character file.

Game seed: 7461985961697751421

1 vvl the Stinger (level 1, -2/13 HPs)
             Began as a Demonspawn Venom Mage on Oct 6, 2022.
             Frozen to death by an endoplasm (4 damage)
             ... on level 1 of the Dungeon.
             The game lasted 00:00:33 (69 turns).

vvl the Stinger (Demonspawn Venom Mage)               Turns: 69, Time: 00:00:34

Health: -2/13      AC:  2    Str:  8    XL:     1   Next: 16%
Magic:  0/3        EV: 12    Int: 16    God:
Gold:   8          SH:  0    Dex: 13    Spells: 3/4 levels left

rFire   . . .      SeeInvis .   (no weapon)
rCold   . . .      Faith    .   (no shield)
rNeg    . . .      Spirit   .   a - +0 robe
rPois   .          Reflect  .   (no helmet)
rElec   .          Harm     .   (no cloak)
rCorr   .          Rampage  .   (no gloves)
Will    .....                   (no boots)
Stlth   ++........              (no amulet)
HPRegen 0.04/turn               (no ring)
MPRegen 0.08/turn               (no ring)

@: no status effects
A: no striking features
a: no special abilities


You were on level 1 of the Dungeon.
You visited 1 branch of the dungeon, and saw 1 of its levels.

You collected 8 gold pieces.

Inventory:

Armour
 a - a +0 robe (worn)
Potions
 b - a potion of magic


   Skills:
 + Level 0.0 Fighting
 + Level 1.7 Dodging
 + Level 1.7 Stealth
 + Level 2.0 Spellcasting
 + Level 0.8 Transmutations
 * Level 3.0 Poison Magic


You had 3 spell levels left.
You knew the following spells:

 Your Spells              Type           Power      Damage    Failure   Level
a - Sting                 Tmut/Pois      28%        1d4       10%         1

Your spell library contained the following spells:

 Spells                   Type           Power      Damage    Failure   Level
 Poisonous Vapours        Pois/Air       12%        N/A       17%         2
 Mephitic Cloud           Conj/Pois/Air  4%         N/A       38%         3
 Olgreb's Toxic Radiance  Pois           11%        N/A       52%         4


Dungeon Overview and Level Annotations

Branches:
Dungeon (1/15)

Altars:


Message History

The frilled lizard closely misses you.
You hit the frilled lizard but do no damage.
The frilled lizard closely misses you.
You closely miss the frilled lizard. The frilled lizard bites you.
You miss the frilled lizard. The frilled lizard bites you.
You hit the frilled lizard but do no damage.
The frilled lizard closely misses you.
You closely miss the frilled lizard. The endoplasm freezes you.
You are frozen.
The frilled lizard barely misses you.
You are too injured to fight recklessly!
The endoplasm freezes you.
You are frozen.
* * * LOW HITPOINT WARNING * * *
The frilled lizard misses you. The endoplasm attacks as you move away!
The endoplasm closely misses you.
Casting: Sting (safe; 10% risk of failure)
Confirm with . or Enter, or press ? or * to list all spells.
Aiming: Sting (safe; 10% risk of failure)
Press: ? - help, Shift-Dir - straight line, f - endoplasm
Aim: an endoplasm (97% to hit)
The sting hits the endoplasm.
The endoplasm partially resists.
The endoplasm is lightly wounded.
The endoplasm hits you but does no damage.
Found 13 gold pieces.
The endoplasm attacks as you move away! The endoplasm hits you.
* * * LOW HITPOINT WARNING * * *
The endoplasm attacks as you move away! The endoplasm barely misses you.
The endoplasm attacks as you move away! The endoplasm barely misses you.
The endoplasm attacks as you move away! The endoplasm completely misses you.
Casting: Sting (safe; 10% risk of failure)
Confirm with . or Enter, or press ? or * to list all spells.
Aiming: Sting (safe; 10% risk of failure)
Press: ? - help, Shift-Dir - straight line, f/p - endoplasm
Aim: an endoplasm (97% to hit)
The sting hits the endoplasm.
The endoplasm is poisoned.
The endoplasm is lightly wounded.
The endoplasm freezes you.
You are frozen.
You die...

#.# ####.# #>....
##########.##.#
#$.....lJ@..#.#
##.#######..#.# #.####
#..#.# #....#
##..#.####### ####.#
#............
#####.###..##.###########
#......).................
##.##.###.=..............
# #.........##+#'#+##..


You could see an endoplasm (poisoned) and a frilled lizard.

Vanquished Creatures
  A kobold (D:1)
  A rat (D:1)
2 creatures vanquished.

Notes
Turn   | Place    | Note
-------+----------+-------------------------------------------
     0 | D:1      | vvl the Demonspawn Venom Mage began the quest for the Orb.
     0 | D:1      | Reached XP level 1. HP: 13/13 MP: 3/3
    69 | D:1      | Frozen to death by an endoplasm

Illustrated notes

Levels and vault maps discovered:
D:1:      spicycebolla_arrival_ecumenical, layout_basic

Action                   || total
-------------------------++-------
Melee: Unarmed           ||     5
 Cast: Sting             ||     6
Armor: Robe              ||     1
Dodge: Dodged            ||    10
